Map: Magannatha LE

Players

SamW - Winner!

  • Race: Terran Terran
  • League: Diamond
  • Spawn Location: 5:00

SubN

  • Race: Zerg Zerg
  • League: Diamond
  • Spawn Location: 11:00

VOD

Have the link to the VOD?

Description

Time

  • Played on: July 26, 2025, 9:02 p.m.
  • Length: 11:07
Show
View Real Time Build Order
Export as new Build Order

SamW Terran - Winner!

Build Orders:  

Get SALT Encoding   

  12  0:00  SCV  
  13  0:12  SCV  
  14  0:17  Supply Depot  
  14  0:24  SCV  
  15  0:38  SCV  
  15  0:40  Barracks  
  16  0:44  Refinery  
  16  0:51  SCV  
  17  1:03  SCV  
  18  1:15  SCV  
  19  1:27  Orbital Command  
  19  1:28  Barracks Reactor  
  19  1:43  Command Center  
  19  1:53  SCV  
  20  1:59  Supply Depot  
  20  2:04  Marine x2  
  20  2:06  SCV  
  23  2:14  Barracks  
  23  2:20  SCV  
  24  2:26  Marine x2  
  25  2:41  SCV  
  25  2:44  Barracks, Marine x2  
  27  2:54  Orbital Command  
  27  3:04  SCV  
  28  3:06  Marine  
  28  3:07  Barracks Tech Lab, Marine  
  30  3:19  SCV  
  31  3:21  SCV  
  31  3:26  Stimpack, Marine  
  33  3:27  Marine x2  
  33  3:31  Barracks Tech Lab  
  33  3:32  Supply Depot  
  35  3:35  SCV x2  
  37  3:42  Supply Depot  
  37  3:44  Marine  
  37  3:45  Marine x2  
  37  3:47  SCV x2  
  42  3:49  Combat Shield  
  42  3:51  Marine  
  43  4:02  Supply Depot, Marine  
  43  4:03  Marine x2  
  43  4:04  SCV x2  
  43  4:09  Marine  
  48  4:16  SCV x2  
  50  4:18  Supply Depot  
  50  4:19  Marine  
  50  4:20  Marine  
  50  4:21  Marine  
  53  4:27  Marine  
  53  4:28  SCV x2  
  56  4:31  Engineering Bay  
  56  4:37  Marine, Factory  
  57  4:38  Marine  
  57  4:40  SCV  
  57  4:41  Marine, SCV  
  57  4:43  Refinery  
  57  4:45  Marine  
  62  4:49  Supply Depot  
  62  4:55  Marine, SCV x2  
  62  4:56  Supply Depot  
  62  4:59  Terran Infantry Weapons Level 1  
  65  5:05  Marine x3  
  68  5:07  SCV  
  68  5:08  SCV  
  68  5:13  Marine  
  71  5:17  Supply Depot  
  71  5:19  SCV  
  71  5:20  SCV  
  73  5:27  Marine x2  
  73  5:28  Marine  
  76  5:31  Marine  
  76  5:32  Starport  
  76  5:33  Factory Reactor  
  76  5:34  SCV x2  
  79  5:45  Marine x3  
  79  5:48  Command Center, SCV x2  
  84  5:59  Marine  
  84  6:02  SCV x2  
  84  6:03  Marine x2  
  89  6:06  Marine  
  90  6:14  SCV x2  
  90  6:15  Factory Tech Lab  
  90  6:17  Marine, Medivac x2  
  97  6:21  Marine x2  
  97  6:25  Barracks  
  99  6:28  Barracks, Armory  
  99  6:29  Marine  
  100  6:35  Marine  
  100  6:38  Marine  
  100  6:39  Supply Depot  
  102  6:41  Supply Depot  
  102  6:42  Refinery  
  102  6:43  Refinery  
  102  7:00  Marine, Siege Tank, Medivac  
  108  7:02  Orbital Command, Supply Depot  
  108  7:04  Marine x3  
  108  7:05  Supply Depot  
  111  7:11  SCV x2  
  99  7:17  Marine  
  99  7:20  Barracks Reactor x2  
  99  7:22  Marine x3  
  103  7:23  SCV x2  
  103  7:27  Refinery  
  105  7:35  Marine  
  106  7:38  Siege Tank  
  106  7:39  Marine  
  106  7:40  Marine x2  
  106  7:42  Supply Depot  
  106  7:44  Supply Depot, SCV x3  
  112  7:51  Refinery  
  115  7:53  Marine  
  115  7:56  SCV x3  
  115  7:57  Marine x2  
  115  7:58  Marine  
  122  8:01  Terran Infantry Weapons Level 2  
  122  8:05  Engineering Bay  
  122  8:08  Terran Vehicle Weapons Level 1, SCV  
  122  8:10  Siege Tank, Medivac x2  
  122  8:11  Marine x3  
  122  8:12  Marine  
  134  8:15  Marine  
  135  8:26  Missile Turret  
  115  8:49  Siege Tank  
  115  8:52  SCV  
  119  8:59  Missile Turret  
  119  9:01  Missile Turret  
  119  9:02  Marine  
  119  9:03  Missile Turret, Marine x7  
  119  9:04  SCV  
  79  9:17  Medivac x2  
  128  9:20  Marine x2  
  128  9:21  Marine x6, Siege Tank  
  128  9:23  Missile Turret  
  143  9:27  SCV  
  143  9:28  SCV x2  
  146  9:38  Marine x3  
  146  9:39  Marine x5  
  146  9:40  SCV x3  
  157  9:47  Medivac x2  
  160  9:53  Siege Tank  
  160  9:56  Marine x2  
  159  10:22  Missile Turret  
  159  10:31  Command Center  
Show
View Real Time Build Order
Export as new Build Order

SubN Zerg 

Build Orders: Pool First 

Get SALT Encoding   

  12  0:00  Drone  
  13  0:12  Overlord  
  13  0:22  Drone  
  14  0:30  Drone x2  
  16  0:40  Spawning Pool  
  15  0:44  Drone  
  16  0:50  Drone  
  16  0:55  Drone  
  18  1:15  Hatchery  
  18  1:18  Drone  
  18  1:19  Extractor  
  17  1:28  Queen  
  17  1:31  Zergling x2  
  20  1:34  Zergling x2  
  21  1:45  Overlord  
  21  1:57  Drone  
  22  2:01  Overlord  
  22  2:10  Queen  
  24  2:34  Drone x4  
  27  2:49  Drone x4  
  31  2:52  Queen  
  31  2:57  Extractor  
  32  3:06  Roach Warren  
  32  3:07  Baneling Nest  
  32  3:08  Drone  
  32  3:10  Drone  
  32  3:18  Drone x3  
  35  3:27  Overlord  
  35  3:34  Drone  
  35  3:35  Drone x2  
  38  3:41  Metabolic Boost  
  38  3:44  Overlord  
  38  3:56  Drone x5  
  43  4:10  Lair  
  43  4:11  Drone x4  
  43  4:12  Drone  
  48  4:21  Zergling x2  
  48  4:22  Zergling x4  
  51  4:30  Overlord  
  51  4:31  Overlord  
  51  4:36  Extractor  
  50  4:39  Extractor  
  49  4:47  Baneling x4  
  49  4:48  Baneling x3  
  49  4:49  Baneling  
  49  4:52  Drone x3  
  52  4:53  Drone x2  
  52  4:54  Drone  
  55  5:07  Centrifugal Hooks  
  55  5:12  Hatchery  
  55  5:13  Spire  
  54  5:14  Zergling x12  
  54  5:15  Zergling x2  
  60  5:39  Overlord x3  
  60  5:40  Overlord  
  60  5:41  Overseer  
  60  5:43  Hatchery  
  60  5:45  Zergling x2  
  60  5:52  Overlord  
  55  6:04  Zergling x2  
  55  6:08  Drone x5  
  61  6:15  Evolution Chamber  
  61  6:16  Drone x2  
  61  6:17  Evolution Chamber  
  61  6:25  Overlord  
  61  6:31  Drone  
  62  6:33  Overlord x2  
  62  6:36  Zerg Flyer Weapons Level 1  
  62  6:40  Overseer  
  62  6:44  Mutalisk x7  
  76  6:50  Overlord  
  76  6:52  Zerg Melee Weapons Level 1  
  76  6:53  Zerg Ground Armor Level 1  
  76  6:55  Queen  
  76  6:58  Drone x2  
  80  7:04  Mutalisk x2  
  78  7:20  Mutalisk  
  72  7:31  Mutalisk, Queen  
  72  7:32  Mutalisk  
  78  7:43  Overseer  
  78  7:46  Zergling x2  
  78  7:47  Zergling x24  
  91  7:54  Drone x3  
  94  8:00  Mutalisk  
  94  8:03  Zergling x2  
  94  8:04  Zergling x4  
  99  8:05  Baneling  
  99  8:06  Baneling x7  
  99  8:07  Baneling, Queen  
  101  8:14  Drone x2  
  101  8:15  Drone  
  101  8:17  Extractor  
  101  8:18  Extractor  
  100  8:40  Mutalisk x3  
  101  8:49  Zergling x4  
  101  8:50  Zergling x20  
  113  9:02  Infestation Pit  
  112  9:15  Baneling  
  112  9:16  Baneling x7  
  112  9:17  Drone  
  112  9:22  Overlord  
  112  9:23  Overlord x6  
  113  9:25  Overseer  
  113  9:32  Hatchery  
  113  9:35  Drone  
  113  9:43  Drone x2  
  113  9:44  Drone x3  
  118  9:46  Drone  
  118  9:47  Drone x6  
  114  10:12  Zergling x16  
  114  10:13  Zergling x6  
  117  10:21  Mutalisk  
  117  10:22  Mutalisk x2  
  117  10:26  Infestor x2  
  117  10:27  Infestor  
  129  10:37  Baneling  
  129  10:38  Baneling x8  
Tags
 
Matchup
TvZ
Opening
Pool First
Replay Pack
Multiplayer
Spawn Locations
Cross Positions
Add a new tag
Caveats
  • Supply blocks, unpowered buildings, or Contaminate may cause inaccurate times.
  • Supply counts are checked every 10 seconds.